 Dungeon Crawl Stone Soup version 0.32-a0-422-g28b100f618 (webtiles) character file.

Game seed: 15342211712667370809

224 cforsyth the Slasher (level 6, -2/48 HPs)
             Began as a Coglin Gladiator on Feb 21, 2024.
             Splashed by a jelly's acid (4 damage)
             ... on level 4 of the Dungeon.
             The game lasted 00:03:21 (2646 turns).

cforsyth the Slasher (Coglin Gladiator)             Turns: 2646, Time: 00:03:21

Health: -2/48      AC: 15    Str: 14    XL:     6   Next: 0%
Magic:  6/6        EV:  9    Int:  7    God:
Gold:   174        SH:  0    Dex: 18    Spells: 5/5 levels left

rFire   . . .        a - +0 long sword {Hana}
rCold   . . .        m - +0 dagger (holy) {Daichi}
rNeg    . . .        g - +0 plate armour
rPois   .            c - +0 helmet
rElec   .            (no cloak)
rCorr   .            (no gloves)
SInv    .            h - +2 pair of boots
Will    .....        (no amulet) Stlth
                     E - +5 ring of evasion
HPRegen 0.28/turn    (no ring)
MPRegen 0.10/turn

%: no passive effects
@: immotile, revved
A: off-hand wielding, slow wielding, warmup strikes, legs shutdown
a: no special abilities


You were on level 4 of the Dungeon.
You visited 1 branch of the dungeon, and saw 4 of its levels.

You collected 174 gold pieces.


Innate Abilities, Weirdness & Mutations

You can wield a second weapon in your off-hand.
It takes a long time for you to wield or remove held weapons.
Your first few attacks do less damage.
Attacking and casting redirects power from your legs.


   Skills:
 + Level 3.8 Fighting
 + Level 4.4 Long Blades
 - Level 1.7 Throwing
 + Level 2.7 Armour
 - Level 2.6 Dodging


You had 5 spell levels left.
You didn't know any spells.
Your spell library was empty.

Inventory:

Hand Weapons
 a - a +0 long sword (weapon) {Hana}
 m - a +0 dagger of holy wrath (offhand) {Daichi}
Missiles
 d - 3 throwing nets (quivered) {=f}
 e - a javelin
Armour
 b - a +0 leather armour
 c - a +0 helmet (worn)
 g - a +0 plate armour (worn)
 h - a +2 pair of boots (worn)
Magical Staves
 l - a staff of conjuration {!a}
Jewellery
 E - a +5 ring of evasion (left grasper)
 Z - a ring of wizardry
Scrolls
 f - a scroll of noise {unknown}
 i - 2 scrolls of enchant armour {unknown}
 n - a scroll of immolation {unknown}
 p - a scroll of teleportation {unknown}
 q - a scroll of fog {unknown}
Potions
 j - a potion of brilliance {unknown}
 k - a potion of curing {unknown}
 o - a potion of ambrosia {unknown}
 r - a potion of invisibility {unknown}

Dungeon Overview and Level Annotations

Branches:
Dungeon (4/15)
 Temple: D:4-7

Altars:
Sif Muna
Vehumet

Shops:
D:1

( ### ... ###+##.##+ #####
# #.....#.... #.... ####.
###.....# ....##....
.....##.+##'##+##+##......
........#..#.....#..##....
..<.....#..#†###+#..#..###
........#@.#.....#..#.## #
........J..+..⚑..'..'.# #
.......##..#.....#..### #
....... #..#+###+#..# #
....... #..# #..# +
....... .##+ +##+ #
#...### # # ..## ..


You could see a jelly.


Message History

The jelly hits you but does no damage.
You hit the jelly with your +0 dagger of holy wrath.
Your graspers burn!
* * * LOW HITPOINT WARNING * * *
The jelly is lightly wounded.
You slash the jelly with your +0 long sword!
Your graspers burn!
* * * LOW HITPOINT WARNING * * *
The jelly closely misses you.
You slash the jelly with your +0 long sword!
Your graspers burn!
* * * LOW HITPOINT WARNING * * *
The jelly is heavily wounded.
You hit the jelly but do no damage.
Your graspers burn!
* * * LOW HITPOINT WARNING * * *
The jelly hits you but does no damage.
You hit the jelly but do no damage.
Your graspers burn!
* * * LOW HITPOINT WARNING * * *
The jelly is heavily wounded.
You hit the jelly with your +0 long sword.
Your graspers burn!
* * * LOW HITPOINT WARNING * * *
The jelly barely misses you.
You hit the jelly with your +0 dagger of holy wrath.
Your graspers burn!
* * * LOW HITPOINT WARNING * * *
The jelly is severely wounded.
You hit the jelly with your +0 long sword.
Your graspers burn!
You die...

Skill      XL: |  1  2  3  4 |
---------------+-------------+-----
Armour         | 1 2 |  2.7
Fighting       | 3 |  3.8
Long Blades    | 4 |  4.4
Throwing       | |  1.7
Dodging        | |  2.6

Action                     |  1- 3 |  4- 6 || total
---------------------------+-------+-------++-------
  Melee: Long sword        |    79 |   110 ||   189
         Dagger            |       |    49 ||    49
 Armour: Plate armour      |    68 |   102 ||   170
  Dodge: Dodged            |    10 |    35 ||    45

Levels and vault maps discovered:
D:1:      lightli_iron_boxes, layout_basic, serial_shops,
          nicolae_shop_peninsula, minmay_rat_gold_closets
D:2:      layout_loops_ring
D:3:      layout_loops_ring, led_sif_book, minmay_misc_feat_more_columns
D:4:      layout_basic, mainiacjoe_overflow_24_doors,
          nicolae_nh_oracle_at_delphi

Notes
Turn   | Place    | Note
-------+----------+-------------------------------------------
     0 | D:1      | cforsyth the Coglin Gladiator began the quest for the Orb.
     0 | D:1      | Reached XP level 1. HP: 16/16 MP: 1/1
   102 | D:1      | Reached XP level 2. HP: 22/22 MP: 2/2
   202 | D:1      | Reached skill level 1 in Armour
   333 | D:1      | Found Viagh's Weapon Boutique.
   427 | D:1      | Reached XP level 3. HP: 28/28 MP: 3/3
   967 | D:2      | Reached XP level 4. HP: 28/34 MP: 4/4
  1043 | D:2      | Reached skill level 3 in Fighting
  1330 | D:2      | Reached skill level 2 in Armour
  1861 | D:3      | Reached skill level 4 in Long Blades
  1861 | D:3      | Reached XP level 5. HP: 35/41 MP: 5/5
  2161 | D:3      | Found a shimmering blue altar of Sif Muna.
  2578 | D:4      | Found a radiant altar of Vehumet.
  2642 | D:4      | Reached XP level 6. HP: 26/48 MP: 6/6
  2646 | D:4      | HP: 2/48 [acid (4)]
  2646 | D:4      | Splashed by a jelly's acid

Vanquished Creatures
  A hound (D:4)
  A sleepcap (D:4)
  5 adders
  3 ribbon worms (D:2)
  6 dart slugs
  4 endoplasms
  4 giant cockroaches
  2 goblins
  5 hobgoblins
  3 jackals (D:1)
  A quokka (D:2)
  5 ball pythons
  4 bats
  4 frilled lizards
  7 kobolds
  10 rats
65 creatures vanquished.

Table legend: (Time is in decaauts)
 A = Elapsed time spent in this place.
 B = Non-inter-level travel time spent in this place.
 C = Inter-level travel time spent in this place.
 D = Time resting spent in this place.
 E = Time spent auto-exploring this place.
 F = Levels seen in this place.
 G = Mean time per level.
                   A        B        C        D        E       F      G
               +--------+--------+--------+--------+--------+-----+--------+
         Total |   2676 |   2530 |    146 |      0 |   2052 |   4 |  669.0 |
       Dungeon |   2676 |   2530 |    146 |      0 |   2052 |   4 |  669.0 |
               +--------+--------+--------+--------+--------+-----+--------+

Top non-repeatable levels by time:
     D:1: 999 daAuts
     D:2: 747 daAuts
     D:3: 674 daAuts
     D:4: 254 daAuts

Table legend:
 A = Non-vault XP
 B = Vault XP
 C = Vault XP percentage of total XP
 D = Non-vault monster count
 E = Vault monster count
 F = Vault count percentage of total count
                 A         B        C        D         E       F
            +---------+---------+-------+---------+---------+-------
      Total |     307 |      14 |   4.4 |      58 |       7 |  10.8
            +---------+---------+-------+---------+---------+-------
        D:1 |      60 |      14 |  18.9 |      22 |       7 |  24.1
        D:2 |      87 |       0 |   0.0 |      19 |       0 |   0.0
        D:3 |      49 |       0 |   0.0 |       9 |       0 |   0.0
        D:4 |     111 |       0 |   0.0 |       8 |       0 |   0.0
            +---------+---------+-------+---------+---------+-------
